| TOP OF THE 1ST |
|
Fort Wayne TinCaps batting - Pitching for Binghamton Mets : RHP Bryan Dorne
|
|
Pitching: RHP Bryan Dorne
|
|
|
Batting: SHB Detlef Oursler
|
0-0: Swinging Strike 0-1: Foul Ball, location: 2F 0-2: Ball 1-2: Foul Ball, location: 2F 1-2: Ball 2-2: Ball 3-2: Strikes out swinging
|
|
Batting: LHB Tony Contreras
|
0-0: Ball 1-0: Swinging Strike 1-1: Called Strike 1-2: Fly out, F2 (Popup, 25F, EV 84.4 MPH)
|
|
Batting: RHB Dave Cordero
|
0-0: Ball 1-0: Ground out 6-3 (Groundball, 6, EV 85.0 MPH)
|
| Top of the 1st over - 0 runs, 0 hits, 0 errors, 0 left on base; Fort Wayne 0 - Binghamton 0 |
| BOTTOM OF THE 1ST |
|
Binghamton Mets batting - Pitching for Fort Wayne TinCaps : LHP David Rodriguez
|
|
Pitching: LHP David Rodriguez
|
|
|
Batting: RHB Oscar Bravo
|
0-0: SINGLE (Groundball, 34D, EV 104.4 MPH)
|
|
Batting: SHB Jason Evans
|
0-0: Ball 1-0: Called Strike Oscar Bravo steals 2nd base 1-1: Called Strike 1-2: Ball 2-2: Foul Ball, location: 2F 2-2: Ball 3-2: Strikes out swinging
|
|
Batting: LHB Bayesa Mundhir
|
0-0: Ball 1-0: Foul Ball, location: 2F 1-1: Ball 2-1: DOUBLE (Line Drive, 8RXD, EV 98.1 MPH) Oscar Bravo scores
|
|
Batting: RHB Mike Hanks
|
0-0: Swinging Strike 0-1: Ball Wild Pitch! Bayesa Mundhir to third 1-1: Ball 2-1: Ball 3-1: Base on Balls
|
|
Batting: LHB Dan Bremseth
|
0-0: Swinging Strike 0-1: Fly out, F7 (Flyball, 78S, EV 75.6 MPH)
|
|
Batting: RHB Nate Henderson
|
0-0: Swinging Strike 0-1: Ball 1-1: Ball 2-1: Ball 3-1: Swinging Strike 3-2: Base on Balls Mike Hanks to second
|
|
Batting: LHB Zane Kelton
|
0-0: Fly out, F7 (Flyball, 78S, EV 82.5 MPH)
|
| Bottom of the 1st over - 1 run, 2 hits, 0 errors, 3 left on base; Fort Wayne 0 - Binghamton 1 |
| TOP OF THE 2ND |
|
Fort Wayne TinCaps batting - Pitching for Binghamton Mets : RHP Bryan Dorne
|
|
Batting: LHB Sean Trueblood
|
0-0: Called Strike 0-1: Swinging Strike 0-2: Strikes out swinging
|
|
Batting: LHB Justin Alworth
|
0-0: Ball 1-0: Called Strike 1-1: Ball 2-1: Called Strike 2-2: Ball 3-2: Base on Balls
|
|
Batting: RHB Adrian Cook
|
0-0: Called Strike 0-1: Called Strike 0-2: Ball 1-2: Ball Wild Pitch! Justin Alworth to second 2-2: Strikes out swinging
|
|
Batting: LHB Ryan Anderson
|
0-0: Ball 1-0: Ball Passed Ball! Justin Alworth to third 2-0: Called Strike 2-1: Called Strike 2-2: Strikes out looking
|
| Top of the 2nd over - 0 runs, 0 hits, 0 errors, 1 left on base; Fort Wayne 0 - Binghamton 1 |
| BOTTOM OF THE 2ND |
|
Binghamton Mets batting - Pitching for Fort Wayne TinCaps : LHP David Rodriguez
|
|
Batting: RHB Rich Cracchiolo
|
0-0: Ball 1-0: Ground out 5-3 (Groundball, 56S, EV 91.2 MPH)
|
|
Batting: LHB Jamel Alexander
|
0-0: Ball 1-0: Called Strike 1-1: Called Strike 1-2: Ball 2-2: Ball 3-2: Strikes out swinging
|
|
Batting: RHB Oscar Bravo
|
0-0: Ball 1-0: Ball 2-0: Foul Ball, location: 2F 2-1: Called Strike 2-2: Strikes out swinging, 2-3 out at first.
|
| Bottom of the 2nd over - 0 runs, 0 hits, 0 errors, 0 left on base; Fort Wayne 0 - Binghamton 1 |
| TOP OF THE 3RD |
|
Fort Wayne TinCaps batting - Pitching for Binghamton Mets : RHP Bryan Dorne
|
|
Batting: RHB Danny Gallegos
|
0-0: Ball 1-0: Swinging Strike 1-1: Swinging Strike 1-2: Ball 2-2: Strikes out looking
|
|
Batting: RHB Ricky Trejo
|
0-0: Ball 1-0: Ball 2-0: Foul Ball, location: 2F 2-1: Foul Ball, location: 2F 2-2: Ground out 6-3 (Groundball, 6, EV 90.6 MPH)
|
|
Batting: SHB Detlef Oursler
|
0-0: Called Strike 0-1: Ball 1-1: Foul Ball, location: 2F 1-2: Foul Ball, location: 2F 1-2: Ball 2-2: SINGLE (Groundball, P, EV 81.9 MPH) (infield hit)
|
|
Batting: LHB Tony Contreras
|
0-0: Ball 1-0: Called Strike Detlef Oursler is caught stealing 2nd base 2-6
|
| Top of the 3rd over - 0 runs, 1 hit, 0 errors, 0 left on base; Fort Wayne 0 - Binghamton 1 |
| BOTTOM OF THE 3RD |
|
Binghamton Mets batting - Pitching for Fort Wayne TinCaps : LHP David Rodriguez
|
|
Batting: SHB Jason Evans
|
0-0: Ball 1-0: Ground out 5-3 (Groundball, 5, EV 101.2 MPH)
|
|
Batting: LHB Bayesa Mundhir
|
0-0: Ball 1-0: Foul Ball, location: 2F 1-1: Foul Ball, location: 2F 1-2: Ball 2-2: Ball 3-2: Foul Ball, location: 2F 3-2: Foul Ball, location: 2F 3-2: Foul Ball, location: 2F 3-2: Fly out, F7 (Flyball, 7, EV 90.0 MPH)
|
|
Batting: RHB Mike Hanks
|
0-0: Ground out 5-3 (Groundball, 56, EV 85.6 MPH)
|
| Bottom of the 3rd over - 0 runs, 0 hits, 0 errors, 0 left on base; Fort Wayne 0 - Binghamton 1 |
| TOP OF THE 4TH |
|
Fort Wayne TinCaps batting - Pitching for Binghamton Mets : RHP Bryan Dorne
|
|
Batting: LHB Tony Contreras
|
0-0: Ball 1-0: Fly out, F3 (Popup, 34, EV 77.5 MPH)
|
|
Batting: RHB Dave Cordero
|
0-0: Ground out 6-3 (Groundball, 6, EV 112.5 MPH)
|
|
Batting: LHB Sean Trueblood
|
0-0: Called Strike 0-1: SINGLE (Flyball, 7LS, EV 89.4 MPH)
|
|
Batting: LHB Justin Alworth
|
0-0: Ball 1-0: Ball 2-0: Swinging Strike 2-1: Foul Ball, location: 2F 2-2: Strikes out swinging
|
| Top of the 4th over - 0 runs, 1 hit, 0 errors, 1 left on base; Fort Wayne 0 - Binghamton 1 |
| BOTTOM OF THE 4TH |
|
Binghamton Mets batting - Pitching for Fort Wayne TinCaps : LHP David Rodriguez
|
|
Batting: LHB Dan Bremseth
|
0-0: Ball 1-0: Swinging Strike 1-1: Foul Ball, location: 2F 1-2: Foul Ball, location: 2F 1-2: Strikes out looking
|
|
Batting: RHB Nate Henderson
|
0-0: Ground out 2-3 (Groundball, 2L, EV 66.9 MPH)
|
|
Batting: LHB Zane Kelton
|
0-0: Called Strike 0-1: DOUBLE (Line Drive, 78M, EV 106.2 MPH)
|
|
Batting: RHB Rich Cracchiolo
|
0-0: Hit by Pitch
|
|
Batting: LHB Jamel Alexander
|
0-0: Called Strike 0-1: Called Strike 0-2: Fly out, F8 (Flyball, 8RS, EV 91.2 MPH)
|
| Bottom of the 4th over - 0 runs, 1 hit, 0 errors, 2 left on base; Fort Wayne 0 - Binghamton 1 |
| TOP OF THE 5TH |
|
Fort Wayne TinCaps batting - Pitching for Binghamton Mets : RHP Bryan Dorne
|
|
Batting: RHB Adrian Cook
|
0-0: Swinging Strike 0-1: Foul Ball, location: 2F 0-2: Ball 1-2: Ball 2-2: Ball 3-2: Foul Ball, location: 2F 3-2: Strikes out swinging, 2-3 out at first.
|
|
Batting: LHB Ryan Anderson
|
0-0: Ball 1-0: Ball 2-0: Ground out 6-3 (Groundball, 56, EV 94.4 MPH)
|
|
Batting: RHB Danny Gallegos
|
0-0: Ball 1-0: SINGLE (Line Drive, 56, EV 105.0 MPH)
|
|
Batting: RHB Ricky Trejo
|
0-0: Swinging Strike 0-1: Swinging Strike 0-2: Ball 1-2: Foul Ball, location: 2F 1-2: Ball 2-2: Ground out U3 (Groundball, 3L, EV 98.1 MPH)
|
| Top of the 5th over - 0 runs, 1 hit, 0 errors, 1 left on base; Fort Wayne 0 - Binghamton 1 |
| BOTTOM OF THE 5TH |
|
Binghamton Mets batting - Pitching for Fort Wayne TinCaps : LHP David Rodriguez
|
|
Batting: RHB Oscar Bravo
|
0-0: Fly out, F8 (Flyball, 8RXD, EV 103.8 MPH)
|
|
Batting: SHB Jason Evans
|
0-0: Ball 1-0: Ball 2-0: Ball 3-0: Called Strike 3-1: Base on Balls
|
|
Batting: LHB Bayesa Mundhir
|
0-0: Ball 1-0: Called Strike 1-1: Fly out, F9 (Flyball, 9, EV 91.9 MPH)
|
|
Batting: RHB Mike Hanks
|
0-0: Called Strike 0-1: Ball 1-1: Foul Ball, location: 2F 1-2: Foul Ball, location: 2F 1-2: Strikes out looking
|
| Bottom of the 5th over - 0 runs, 0 hits, 0 errors, 1 left on base; Fort Wayne 0 - Binghamton 1 |
| TOP OF THE 6TH |
|
Fort Wayne TinCaps batting - Pitching for Binghamton Mets : RHP Bryan Dorne
|
|
Batting: SHB Detlef Oursler
|
0-0: Ball 1-0: Fly out, F9 (Line Drive, 9LS, EV 111.9 MPH)
|
|
Batting: LHB Tony Contreras
|
0-0: Ball 1-0: Ball 2-0: Ball 3-0: Base on Balls
|
|
Batting: RHB Dave Cordero
|
0-0: Ball 1-0: Fly out, F9 (Flyball, 89M, EV 75.0 MPH)
|
|
Batting: LHB Sean Trueblood
|
0-0: Called Strike 0-1: Ball 1-1: Ball 2-1: Called Strike Tony Contreras is caught stealing 2nd base 2-6
|
| Top of the 6th over - 0 runs, 0 hits, 0 errors, 0 left on base; Fort Wayne 0 - Binghamton 1 |
| BOTTOM OF THE 6TH |
|
Binghamton Mets batting - Pitching for Fort Wayne TinCaps : LHP David Rodriguez
|
|
Batting: LHB Dan Bremseth
|
0-0: Called Strike 0-1: Called Strike 0-2: SINGLE (Groundball, 6MD, EV 111.9 MPH)
|
|
Batting: RHB Nate Henderson
|
0-0: Called Strike 0-1: Ball Dan Bremseth steals 2nd base 1-1: Ball Wild Pitch! Dan Bremseth to third 2-1: Foul Ball, location: 2F 2-2: Ball Wild Pitch! Dan Bremseth scores 3-2: Foul Ball, location: 2F 3-2: Base on Balls
|
|
Batting: LHB Zane Kelton
|
0-0: Foul Ball, location: 2F 0-1: Ball 1-1: Foul Ball, location: 2F 1-2: Foul Ball, location: 2F 1-2: Foul Ball, location: 2F 1-2: Ground out 6-3 (Groundball, P, EV 86.2 MPH) Nate Henderson to second
|
|
Batting: RHB Rich Cracchiolo
|
0-0: Swinging Strike 0-1: Ground out U3 (Groundball, 3S, EV 77.5 MPH) Nate Henderson to third
|
|
Batting: LHB Jamel Alexander
|
0-0: Ball 1-0: Swinging Strike 1-1: Ball 2-1: SINGLE (Line Drive, 78S, EV 106.9 MPH) Nate Henderson scores
|
|
Batting: RHB Oscar Bravo
|
0-0: Called Strike 0-1: Ball 1-1: Ball 2-1: Fly out, F7 (Flyball, 7D, EV 102.5 MPH)
|
| Bottom of the 6th over - 2 runs, 2 hits, 0 errors, 1 left on base; Fort Wayne 0 - Binghamton 3 |
| TOP OF THE 7TH |
|
Fort Wayne TinCaps batting - Pitching for Binghamton Mets : RHP Bryan Dorne
|
|
Batting: LHB Sean Trueblood
|
0-0: Ball 1-0: SINGLE (Groundball, 5S, EV 70.6 MPH) (infield hit)
|
|
Batting: LHB Justin Alworth
|
0-0: Ball 1-0: Called Strike Sean Trueblood steals 2nd base 1-1: Swinging Strike 1-2: Foul Ball, location: 2F 1-2: Ball 2-2: Foul Ball, location: 2F 2-2: Strikes out swinging
|
|
Batting: RHB Adrian Cook
|
0-0: Ball 1-0: Called Strike 1-1: Ball 2-1: Fly out, F4 (Line Drive, 34D, EV 73.1 MPH)
|
|
Batting: LHB Ryan Anderson
|
0-0: Ground out U3 (Groundball, 3, EV 80.6 MPH)
|
| Top of the 7th over - 0 runs, 1 hit, 0 errors, 1 left on base; Fort Wayne 0 - Binghamton 3 |
| BOTTOM OF THE 7TH |
|
Binghamton Mets batting - Pitching for Fort Wayne TinCaps : LHP David Rodriguez
|
|
Pitching: RHP Ubbe Dekker
|
|
|
Batting: SHB Jason Evans
|
0-0: Called Strike 0-1: Called Strike 0-2: Ball 1-2: Foul Ball, location: 2F 1-2: Foul Ball, location: 2F 1-2: Ball 2-2: Strikes out looking
|
|
Batting: LHB Bayesa Mundhir
|
0-0: Foul Ball, location: 2F 0-1: Ball 1-1: Ball 2-1: Foul Ball, location: 2F 2-2: Strikes out looking
|
|
Batting: RHB Mike Hanks
|
0-0: Called Strike 0-1: Ball 1-1: Ball 2-1: SINGLE (Groundball, 6MD, EV 105.6 MPH)
|
|
Batting: LHB Dan Bremseth
|
0-0: Called Strike 0-1: Foul Ball, location: 2F 0-2: Strikes out looking
|
| Bottom of the 7th over - 0 runs, 1 hit, 0 errors, 1 left on base; Fort Wayne 0 - Binghamton 3 |
| TOP OF THE 8TH |
|
Fort Wayne TinCaps batting - Pitching for Binghamton Mets : RHP Bryan Dorne
|
|
Batting: RHB Danny Gallegos
|
0-0: Called Strike 0-1: Swinging Strike 0-2: Foul Ball, location: 2F 0-2: Ball 1-2: Foul Ball, location: 2F 1-2: Strikes out swinging
|
|
Pitching: RHP Justin Wilkins
|
|
|
Pinch Hitting: LHB Javy Portela
|
0-0: Ball 1-0: Swinging Strike 1-1: Swinging Strike 1-2: Foul Ball, location: 2F 1-2: Strikes out looking
|
|
Batting: SHB Detlef Oursler
|
0-0: Ball 1-0: Ball 2-0: Ground out 6-3 (Groundball, 6S, EV 68.1 MPH)
|
| Top of the 8th over - 0 runs, 0 hits, 0 errors, 0 left on base; Fort Wayne 0 - Binghamton 3 |
| BOTTOM OF THE 8TH |
|
Binghamton Mets batting - Pitching for Fort Wayne TinCaps : RHP Ubbe Dekker
|
|
Now at 1B: Javy Portela
|
|
|
Now at 3B: Sean Trueblood
|
|
|
Batting: RHB Nate Henderson
|
0-0: Fly out, F8 (Flyball, 8RS, EV 96.9 MPH)
|
|
Batting: LHB Zane Kelton
|
0-0: Ball 1-0: Called Strike 1-1: Swinging Strike 1-2: Strikes out swinging
|
|
Batting: RHB Rich Cracchiolo
|
0-0: Fly out, F3 (Line Drive, 3L, EV 71.9 MPH)
|
| Bottom of the 8th over - 0 runs, 0 hits, 0 errors, 0 left on base; Fort Wayne 0 - Binghamton 3 |
| TOP OF THE 9TH |
|
Fort Wayne TinCaps batting - Pitching for Binghamton Mets : RHP Justin Wilkins
|
|
Batting: LHB Tony Contreras
|
0-0: Called Strike 0-1: Ball 1-1: Ball 2-1: Foul Ball, location: 2F 2-2: Foul Ball, location: 2F 2-2: Foul Ball, location: 2F 2-2: Strikes out looking
|
|
Batting: RHB Dave Cordero
|
0-0: Ball 1-0: Foul Ball, location: 2F 1-1: Called Strike 1-2: Fly out, F8 (Flyball, 89M, EV 85.0 MPH)
|
|
Batting: LHB Sean Trueblood
|
0-0: Ball 1-0: Foul Ball, location: 2F 1-1: Foul Ball, location: 2F 1-2: Foul Ball, location: 2F 1-2: Ball 2-2: Foul Ball, location: 2F 2-2: Strikes out looking
|
| Top of the 9th over - 0 runs, 0 hits, 0 errors, 0 left on base; Fort Wayne 0 - Binghamton 3 |
|